 Dungeon Crawl Stone Soup version 0.24.0-1-gfbc8707122 (webtiles) character file.

Game seed: 270697350407332405, levelgen mode: deterministic

424 MTVSty1e the Cudgeler (level 6, -7/37 HPs)
             Began as a Gargoyle Fighter on Oct 28, 2019.
             Mangled by an ogre
             ... wielding a +0 giant club
              (21 damage)
             ... on level 4 of the Dungeon.
             The game lasted 00:04:05 (2883 turns).

MTVSty1e the Cudgeler (Gargoyle Fighter)            Turns: 2883, Time: 00:04:05

Health: -7/37      AC: 14    Str: 26    XL:     6   Next: 96%
Magic:  15/15      EV:  7    Int:  9    God:
Gold:   193        SH:  9    Dex:  9    Spells: 5/5 levels left

rFire    . . .     SeeInvis .   a - +0 flail
rCold    . . .     Gourm    .   c - +0 shield
rNeg     + . .     Faith    .   b - +0 scale mail
rPois    ∞         Spirit   .   d - +0 helmet
rElec    +         Reflect  .   (no cloak)
rCorr    +         Harm     .   q - +1 pair of gloves
MR       .....                  (no boots)
Stlth    ..........             (no amulet)
HPRegen  0.12/turn              g - ring of resist corrosion
MPRegen  0.14/turn              w - ring of magical power

@: mighty
A: negative energy resistance 1, electricity resistance, unbreathing,
petrification resistance, rot immunity, AC +4
a: no special abilities


You were on level 4 of the Dungeon.
You were not hungry.

You visited 1 branch of the dungeon, and saw 5 of its levels.

You collected 193 gold pieces.

Inventory:

Hand Weapons
 a - a +0 flail (weapon)
Armour
 b - a +0 scale mail (worn)
 c - a +0 shield (worn)
 d - a +0 helmet (worn)
 q - a +1 pair of gloves (worn)
Jewellery
 g - a ring of resist corrosion (left hand)
 w - a ring of magical power (right hand)
Wands
 t - a wand of paralysis (10)
Scrolls
 e - 6 scrolls of teleportation {unknown}
 h - a scroll of amnesia {unknown}
 j - a scroll of fog {unknown}
 l - a scroll of magic mapping {unknown}
 n - a scroll of immolation {unknown}
 o - 5 scrolls of identify {unknown}
 r - 4 scrolls of remove curse {unknown}
 s - a scroll of enchant weapon {unknown}
 u - a scroll of enchant armour {unknown}
 x - a scroll of fear {unknown}
 y - 2 scrolls of blinking {unknown}
Potions
 i - 2 potions of heal wounds {unknown}
 k - 2 potions of lignification {unknown}
 m - a potion of degeneration {unknown}
 p - 3 potions of curing {unknown}
 z - a potion of berserk rage {unknown}
 A - 2 potions of cancellation {unknown}
Comestibles
 f - 6 rations


   Skills:
 - Level 3.2 Fighting
 + Level 7.2 Maces & Flails
 - Level 3.2 Armour
 - Level 3.2 Shields


You had 5 spell levels left.
You didn't know any spells.
Your spell library was empty.

Dungeon Overview and Level Annotations

Branches:
Dungeon (5/15)
 Temple: D:4-7

Altars:
Cheibriados
Kikubaaqudgha
Wu Jian

Shops:
D:5 (


Innate Abilities, Weirdness & Mutations

You are resistant to torment.
Your stone body is resilient. (AC +4)
You are immune to poison.
You resist negative energy. (rN+)
You are resistant to electric shocks. (rElec)
You can survive without breathing.
You are immune to petrification.
You are immune to rotting.


Message History

The worker ant bites you but does no damage.
The ogre barely misses you. The worker ant barely misses you.
You sock the worker ant!
The worker ant is severely wounded.
The ogre hits you with a +0 giant club!
The worker ant bites you but does no damage.
You are too injured to fight recklessly!
You are too injured to fight recklessly!
You are too injured to fight recklessly!
You are too injured to fight recklessly!
You are too injured to fight recklessly!
You are too injured to fight recklessly!
You are too injured to fight recklessly!
You are too injured to fight recklessly!
You are too injured to fight recklessly!
You feel very mighty all of a sudden. You block the worker ant's attack.
The ogre hits you with a +0 giant club!!
Ouch! That really hurt!
You die...

##+## #...# #...# #### #...#
#... #...# #... #...# #...
#...# ###..a#### #'#
...+....O@..## #.#
..########..# #.#
#....#####..# #.#
#....##.....###.#
####....##.###..##.#
#.......##.#.#..##.#########
#.......##.#.#..##..........
#..........#.#..##..########
#######+#.........#..##..#


You could see an ogre and a worker ant.

Vanquished Creatures
  Sigmund (D:2)
  A crimson imp (D:5)
  A bullfrog skeleton (D:3)
  A hound (D:4)
  Robin (D:2)
  6 adders
  2 worms (D:3)
  2 dart slugs
  4 leopard geckos
  3 orcs (D:3)
  A bat zombie (D:3)
  2 giant cockroaches
  12 goblins
  18 hobgoblins
  3 jackals (D:2)
  5 kobolds
  A quokka (D:2)
  13 bats
  4 frilled lizards
  8 rats
  2 rat zombies (D:3)
91 creatures vanquished.

Notes
Turn   | Place    | Note
-------+----------+-------------------------------------------
     0 | D:1      | MTVSty1e the Gargoyle Fighter began the quest for the Orb.
     0 | D:1      | Reached XP level 1. HP: 14/14 MP: 1/1
   186 | D:1      | Reached XP level 2. HP: 19/19 MP: 2/2
   244 | D:1      | Reached skill level 3 in Maces & Flails
   417 | D:1      | Reached XP level 3. HP: 21/23 MP: 3/3
   674 | D:2      | Reached skill level 4 in Maces & Flails
   721 | D:2      | Noticed Robin
   734 | D:2      | Killed Robin
   734 | D:2      | Reached XP level 4. HP: 10/28 MP: 4/4
  1082 | D:2      | Noticed Sigmund
  1091 | D:2      | Killed Sigmund
  1091 | D:2      | Reached skill level 6 in Maces & Flails
  1091 | D:2      | Reached XP level 5. HP: 22/32 MP: 5/5
  1091 | D:2      | Reached XP level 6. HP: 25/37 MP: 6/6
  1397 | D:2      | Found an ornate altar of the Wu Jian Council.
  2423 | D:3      | Found a snail-covered altar of Cheibriados.
  2532 | D:3      | Found an ancient bone altar of Kikubaaqudgha.
  2779 | D:4      | You fall into a shaft and drop 1 floor!
  2779 | D:5      | Entered Level 5 of the Dungeon
  2779 | D:5      | Found Zequl's Weapon Emporium.
  2798 | D:5      | Reached skill level 7 in Maces & Flails
  2883 | D:4      | Mangled by an ogre

Levels and vault maps discovered:
D:1:      minmay_arrival_checkered_box, layout_rooms, minmay_fountain_box,
          minmay_pentomino_r4
D:2:      layout_loops_cross, marbit_many_paths, supply_closet_lemuel,
          kennysheep_boxes, uniq_robin, uniq_sigmund
D:3:      layout_rooms, lemuel_zombie_altar_kikubaaqudgha, cheibriados_altar_1,
          first_ration, minmay_door_square, minmay_quadrilaterals
D:4:      layout_basic, lemuel_round_altar
D:5:      layout_loops_ring, lemuel_crystal_altar, serial_shops, shop,
          basic_altar, nicolae_tso_swordbearing_angel, uniq_blork_the_orc

Skill      XL: |  1  2  3  4  5  6 |
---------------+-------------------+-----
Maces & Flails | 3 4 6 7 |  7.2
Fighting       | |  3.2
Armour         | |  3.2
Shields        | |  3.2

Action                   |  1- 3 |  4- 6 || total
-------------------------+-------+-------++-------
Melee: Flail             |   137 |   245 ||   382
  Use: Potion            |     1 |     1 ||     2
  Eat: Ration            |       |     2 ||     2
Armor: Scale mail        |   102 |   151 ||   253
Dodge: Dodged            |    70 |    76 ||   146
Block: Shield            |    93 |   135 ||   228
